 Dungeon Crawl Stone Soup version 0.27.1-34-g3ba077fa99 (webtiles) character file.

Game seed: 1422815912048189195

260 zeram the Shield-Bearer (level 6, -7/37 HPs)
             Began as a Gargoyle Fighter on Jan 4, 2022.
             Mangled by an ogre (23 damage)
             ... on level 5 of the Dungeon.
             The game lasted 00:05:20 (3691 turns).

zeram the Shield-Bearer (Gargoyle Fighter)          Turns: 3691, Time: 00:05:21

Health: -7/37      AC: 14    Str: 21    XL:     6   Next: 17%
Magic:  6/6        EV:  8    Int:  9    God:
Gold:   6          SH: 12    Dex:  9    Spells: 5/5 levels left

rFire    . . .     SeeInvis .   m - +1 whip (vamp)
rCold    . . .     Faith    .   c - +2 kite shield
rNeg     + . .     Spirit   .   b - +0 scale mail
rPois    ∞         Reflect  .   (no helmet)
rElec    +         Harm     .   k - +1 cloak
rCorr    .         Rampage  .   (no gloves)
Will     .....                  (no boots)
Stlth    ..........             (no amulet)
HPRegen  0.12/turn              (no ring)
MPRegen  0.10/turn              (no ring)

@: mighty
A: sickness immunity, AC +4, negative energy resistance 1, electricity
resistance, torment resistance 1, petrification resistance
a: no special abilities


You were on level 5 of the Dungeon.
You visited 1 branch of the dungeon, and saw 5 of its levels.

You collected 194 gold pieces.
You spent 188 gold pieces at shops.

Inventory:

Hand Weapons
 a - a +1 flail
 m - a +1 vampiric whip (weapon)
Armour
 b - a +0 scale mail (worn)
 c - a +2 kite shield (worn)
 k - a +1 cloak (worn)
Scrolls
 f - 2 scrolls of magic mapping
 l - a scroll of enchant armour
 n - a scroll of identify
 o - a scroll of blinking
Potions
 d - a potion of might
 e - a potion of berserk rage {unknown}
 g - 2 potions of curing {unknown}
 h - a potion of heal wounds
 i - 2 potions of magic {unknown}
 j - a potion of lignification {unknown}


   Skills:
 - Level 3.2 Fighting
 + Level 2.2 Maces & Flails
 + Level 5.1 Armour
 + Level 1.3 Dodging
 + Level 5.6 Shields


You had 5 spell levels left.
You didn't know any spells.
Your spell library contained the following spells:

 Spells                   Type           Power      Damage    Failure   Level
 Foxfire                  Conj/Fire      0%         2x1d4     98%         1
 Pain                     Necr           0%         1d4       98%         1
 Summon Small Mammal      Summ           0%         N/A       98%         1
 Corpse Rot               Necr/Air       N/A        N/A       99%         2
 Call Canine Familiar     Summ           0%         N/A       100%        3
 Conjure Flame            Conj/Fire      0%         6-21      100%        3
 Inner Flame              Hex/Fire       0%         N/A       100%        3
 Summon Guardian Golem    Hex/Summ       0%         N/A       100%        3
 Agony                    Necr           0%         N/A       100%        5


Dungeon Overview and Level Annotations

Branches:
Dungeon (5/15)
 Temple: D:4-7

Altars:

Shops:
D:5 *


Innate Abilities, Weirdness & Mutations

You are immune to sickness and miasma.
Your stone body is resilient. (AC +4)
You are immune to poison.
You resist negative energy. (rN+)
You are resistant to electric shocks. (rElec)
You are resistant to unholy torment.
You are immune to petrification.


Message History

The iguana bites you but does no damage.
You barely miss the iguana.
The iguana bites you but does no damage.
You hit the iguana but do no damage. You block the iguana's attack.
You hit the iguana but do no damage. You block the iguana's attack.
The iguana hisses menacingly.
You block the iguana's attack.
You hit the iguana but do no damage. You block the iguana's attack.
You barely miss the iguana. You block the iguana's attack.
You closely miss the iguana. The iguana bites you.
You hit the iguana but do no damage. The iguana barely misses you.
You barely miss the iguana. You block the iguana's attack.
The iguana closely misses you.
You whack the iguana!
The iguana is heavily wounded.
The iguana bites you but does no damage.
You barely miss the iguana.
The iguana is heavily wounded.
The iguana bites you!
You hit the iguana but do no damage.
The iguana is heavily wounded.
You block the iguana's attack.
You hit the iguana.
You feel better.
The iguana is almost dead.
The iguana bites you.
You closely miss the iguana.
The iguana is almost dead.
The iguana bites you.
You hit the iguana.
You feel better.
You kill the iguana!
You feel very mighty all of a sudden. You block the ogre's attack.
You hit the ogre.
The ogre is lightly wounded.
The ogre hits you with a +0 giant club!
You whack the ogre!
You feel better.
The ogre is moderately wounded.
The ogre hits you with a +0 giant club!!
Ouch! That really hurt!
You die...

#........# ####
.########..##.###
#....
.....8###8.##<..#
##.....
#..)....####......
#...... #.>.∩.<.#
###### .......
#.......# #......
##8###8.## #...... ##
##..###########......
##.@O...............
####.........#.....
#.........##....
########### ####


You could see an ogre.

Vanquished Creatures
  A jelly (D:4)
  A centaur skeleton (D:4)
  2 iguanas
  4 gnolls
  4 adders
  3 worms
  2 dart slugs (D:3)
  4 orcs (D:4)
  2 bats
  5 endoplasms
  4 giant cockroaches
  8 goblins
  2 hobgoblins (D:4)
  2 jackals (D:2)
  2 quokkas
  4 ball pythons
  2 frilled lizards
  7 kobolds
  5 rats
64 creatures vanquished.

Notes
Turn   | Place    | Note
-------+----------+-------------------------------------------
     0 | D:1      | zeram the Gargoyle Fighter began the quest for the Orb.
     0 | D:1      | Reached XP level 1. HP: 14/14 MP: 1/1
    73 | D:1      | Reached XP level 2. HP: 19/19 MP: 2/2
   376 | D:1      | Reached XP level 3. HP: 17/23 MP: 3/3
   761 | D:2      | Got the Incunabulum of Darkness
  1776 | D:3      | Reached XP level 4. HP: 28/28 MP: 4/4
  2767 | D:4      | Reached skill level 5 in Shields
  2767 | D:4      | Reached XP level 5. HP: 9/32 MP: 5/5
  3025 | D:4      | Reached skill level 1 in Dodging
  3423 | D:3      | Reached skill level 5 in Armour
  3538 | D:3      | Reached XP level 6. HP: 37/37 MP: 6/6
  3631 | D:5      | Entered Level 5 of the Dungeon
  3634 | D:5      | Found Ceuxtao's General Store.
  3642 | D:5      | Bought a potion of heal wounds for 65 gold pieces
  3642 | D:5      | Bought a scroll of identify for 26 gold pieces
  3642 | D:5      | Bought a scroll of blinking for 97 gold pieces
  3691 | D:5      | Mangled by an ogre

Illustrated notes

Levels and vault maps discovered:
D:1:      lightli_arrival_statue_moat, layout_basic, interstate_on_off
D:2:      layout_basic, mrwooster_statue_mirror
D:3:      layout_loops_ring
D:4:      layout_gridville, grunt_decor_cap
D:5:      layout_rooms, mainiacjoe_overflow_surrounded_room,
          mainiacjoe_overflow_small_starburst, temple_statues, serial_shops,
          nicolae_stop_n_shop_2, nicolae_shop_waterfront, shop, lightli_minifort

Skill      XL: |  1  2  3  4  5 |
---------------+----------------+-----
Shields        | 4 5 |  5.6
Armour         | 4 5 |  5.1
Dodging        | 1 |  1.3
Fighting       | |  3.2
Maces & Flails | |  2.2

Action                   |  1- 3 |  4- 6 || total
-------------------------+-------+-------++-------
Melee: Flail             |   104 |   115 ||   219
       Whip              |       |    37 ||    37
  Use: Scroll            |     3 |     6 ||     9
       Potion            |       |     1 ||     1
Armor: Scale mail        |    48 |    88 ||   136
Dodge: Dodged            |    29 |    43 ||    72
Block: Kite shield       |    59 |    99 ||   158
